 Dungeon Crawl Stone Soup version 0.19-a0-994-g3c636f0 (webtiles) character file.

124 Goblin1989 the Insei (level 5, -1/33 HPs)
             Began as an Octopode Transmuter on July 16, 2016.
             Slain by an adder (3 damage)
             ... on level 2 of the Dungeon.
             The game lasted 00:03:36 (1847 turns).

Goblin1989 the Insei (Octopode Transmuter)          Turns: 1847, Time: 00:03:37

Health: -1/33      AC:  1    Str:  9    XL:     5   Next: 8%
Magic:  8/8        EV: 12    Int: 16    God:
Gold:   88         SH:  0    Dex: 13    Spells: 3 memorised, 1 level left

rFire  . . .     SeeInvis .       - Unarmed
rCold  . . .     Gourm    .     (no shield)
rNeg   . . .     Faith    .     (helmet restricted)
rPois  .         Spirit   .     (no amulet)
rElec  .         Dismiss  .     (no ring)
rCorr  .         Reflect  .     (no ring)
SustAt .         Harm     .     (no ring)
MR     .....                    (no ring)
Stlth  ++........               (no ring)
                                (no ring)
                                (no ring)
                                (no ring)

@: confused, not resistant to hostile enchantments, unstealthy
A: almost no armour, amphibious, 8 rings, constrict 8, camouflage 1, gelatinous
body 1
a: no special abilities


You were on level 2 of the Dungeon.
You were not hungry.

You visited 1 branch of the dungeon, and saw 2 of its levels.

You collected 88 gold pieces.

Inventory:

Missiles
 a - 10 arrows
Scrolls
 f - a scroll of random uselessness {unknown}
 g - a scroll of noise {unknown}
 h - a scroll of identify {unknown}
 k - a scroll of immolation {unknown}
 m - a scroll of amnesia {unknown}
 n - a scroll of magic mapping {unknown}
Potions
 d - a potion of cancellation {unknown}
 e - 4 potions of curing {unknown}
 j - a potion of magic {unknown}
 o - a potion of haste {unknown}
Books
 b - a book of Changes

   Spells                             Type                      Level
   a - Beastly Appendage              Transmutation                1
   b - Sticks to Snakes               Transmutation                2
   c - Spider Form                    Transmutation/Poison         3
   d - Ice Form                       Ice/Transmutation            4
   e - Blade Hands                    Transmutation                5
Comestibles
 c - 2 bread rations
 l - a beef jerky


   Skills:
 - Level 1.0 Fighting
 - Level 2.0 Dodging
 + Level 5.6 Unarmed Combat
 - Level 2.0 Spellcasting
 - Level 2.0 Transmutations


You had one spell level left.
You knew the following spells:

 Your Spells              Type           Power        Failure   Level  Hunger
a - Beastly Appendage     Tmut           #.....       10%         1    #......
b - Sticks to Snakes      Tmut           #.......     14%         2    ###....
c - Ice Form              Ice/Tmut       #.......     96%         4    #####..


Dungeon Overview and Level Annotations

Branches:
Dungeon (2/15)

Altars:
The Shining One

Annotations:
D:2 Sigmund


Innate Abilities, Weirdness & Mutations

You cannot wear most types of armour.
You are amphibious.
You can wear up to eight rings at the same time.
You can use your tentacles to constrict eight enemies at once.
Your skin changes colour to match your surroundings (Stealth+).
Your rubbery body absorbs attacks. (AC +1)


Message History

You are too confused!
You are too confused!
You hear some strange, mumbled words.
A magic dart appears from out of thin air!
The magic dart hits you!
Things that are here:
a whip; a kobold corpse You take 8 damage, and have 14/33 hp.
MASSIVE DAMAGE!!
You're too confused to move!
Something hits you.
* * * LOW HITPOINT WARNING * * *
The hobgoblin hits you but does no damage.
The adder bites you.
* * * LOW HITPOINT WARNING * * *
You take 8 damage, and have 6/33 hp.
MASSIVE DAMAGE!!
You barely miss the adder. Your squeeze misses the adder.
The hobgoblin hits you but does no damage.
Something hits you.
* * * LOW HITPOINT WARNING * * *
The adder bites you.
You die...

########## #.......#
#......... #.......#
##.######## #.......#
#..# #.......# #.##
#......$#### #.#
#.......K..####.####
#.......S#.........##
#).....g@####.####<.###
########.###.. ##...###
#..##.# ###<... ##(.#.#
####. ##.#.# #...# .
#..## .# #..# .#
###..## ..#


You could see an adder, a hobgoblin and a kobold.

Vanquished Creatures
  Natasha (twice) (D:2)
  2 adders (D:2)
  A dart slug (D:2)
  A giant gecko (D:2)
  3 bats
  3 giant cockroaches
  5 goblins
  7 hobgoblins (D:1)
  14 jackals
  2 giant newts (D:1)
  3 kobolds
  5 rats
48 creatures vanquished.

Notes
Turn   | Place    | Note
-------+----------+-------------------------------------------
     0 | D:1      | Goblin1989 the Octopode Transmuter began the quest for the Orb.
     0 | D:1      | Reached XP level 1. HP: 13/13 MP: 3/3
    66 | D:1      | Reached XP level 2. HP: 6/18 MP: 5/5
   263 | D:1      | Learned a level 2 spell: Sticks to Snakes
   603 | D:1      | Reached skill level 4 in Unarmed Combat
   733 | D:1      | Reached XP level 3. HP: 23/23 MP: 6/6
   979 | D:2      | HP: 1/23 [jackal (1)]
  1383 | D:2      | Found a glowing golden altar of the Shining One.
  1449 | D:2      | Reached XP level 4. HP: 19/28 MP: 7/7
  1474 | D:2      | Noticed Natasha
  1482 | D:2      | Learned a level 4 spell: Ice Form
  1494 | D:2      | Killed Natasha
  1494 | D:2      | Reached skill level 5 in Unarmed Combat
  1543 | D:2      | Noticed Natasha
  1550 | D:2      | Killed Natasha
  1550 | D:2      | Reached XP level 5. HP: 6/33 MP: 8/8
  1839 | D:2      | Noticed Sigmund
  1847 | D:2      | Slain by an adder

Vault maps used:
D:1:      scummos_arrival_forest
D:2:      nicolae_tso_carved_into_rock, uniq_natasha, uniq_sigmund

Skill      XL: |  1  2  3  4 |
---------------+-------------+-----
Unarmed Combat | 4 5 |  5.6
Fighting       | |  1.0
Dodging        | |  2.0
Spellcasting   | |  2.0
Transmutations | |  2.0

Action                   |  1- 3 |  4- 6 || total
-------------------------+-------+-------++-------
Melee: Unarmed           |    87 |    17 ||   104
       Constrict         |    20 |     5 ||    25
       Tentacles         |    16 |     6 ||    22
       Punch             |     6 |       ||     6
       Kick              |       |     1 ||     1
 Cast: Beastly Appendage |     1 |     1 ||     2
       Sticks to Snakes  |       |     2 ||     2
 Stab: Sleeping          |     4 |     1 ||     5
       Distracted        |     1 |       ||     1
  Eat: Chunk             |     1 |       ||     1
       Meat ration       |       |     1 ||     1
Armor: Skin              |    11 |     3 ||    14
Dodge: Dodged            |    48 |     9 ||    57
